 Dungeon Crawl Stone Soup version 0.31-a0-977-gc230f8ef24 (webtiles) character file.

Game seed: 17369422416703905368

29269 mandarbmax the Fencer (level 13, -5/68 HPs)
             Began as a Tengu Berserker on Oct 29, 2023.
             Was a High Priest of Trog.
             Slain by a radroach (shapeshifter) (33 damage)
             ... on level 13 of the Dungeon.
             The game lasted 00:37:38 (13644 turns).

mandarbmax the Fencer (Tengu Berserker)            Turns: 13644, Time: 00:37:39

Health: -5/68      AC: 10    Str: 21    XL:     13   Next: 44%
Magic:  14/14      EV: 36    Int:  7    God:    Trog [*****.]
Gold:   1526       SH: 13    Dex: 23    Spells: 12/12 levels left

rFire   . . .        M - +10 demon blade of the Magi {drain, Str+3}
rCold   . . .        G - +2 buckler
rNeg    . . .        C - +0 acid dragon scales
rPois   .            d - +1 hat {Will+}
rElec   .            y - scarf "Vugeiz" {shadows, Will- Dex+4 SInv}
rCorr   +            H - +2 pair of gloves
SInv    +            (boots unavailable)
Will    .....        e - amulet of reflection
Stlth   +++          w - +5 ring of evasion
HPRegen 0.31/turn    L - +5 ring of evasion
MPRegen 0.14/turn

%: reflection, acrobat
@: on berserk cooldown, flying, slowed, studying Evocations, very slow
A: beak, talons 3, evasive flight, acrobatic
a: Renounce Religion, Berserk, Trog's Hand, Brothers in Arms


You were on level 13 of the Dungeon.
You worshipped Trog.
Trog was extremely pleased with you.
You visited 1 branch of the dungeon, and saw 13 of its levels.
You visited the Abyss 1 time.
You also visited: Sewer and Bailey.

You collected 2147 gold pieces.
You spent 621 gold pieces at shops.

Inventory:

Hand Weapons
 z - a +4 long sword of protection
 J - a +1 long sword of distortion
 M - the +10 demon blade of the Magi (weapon) {drain, Str+3}
   (You acquired it on level 13 of the Dungeon)

   Str+3:     It affects your strength (+3).
Armour
 d - a +1 hat of willpower (worn)
 j - a +2 chain mail of cold resistance
 v - a +2 robe of willpower
 y - the scarf "Vugeiz" (worn) {shadows, Will- Dex+4 SInv}
   (You bought it in a shop on level 7 of the Dungeon)

   Dex+4:     It affects your dexterity (+4).
   Will-:     It decreases your willpower.
   SInv:      It lets you see invisible.
 B - the +3 leather armour of Love and Death {rC+++}
   (You bought it in a shop on level 10 of the Dungeon)

   rC+++:     It renders you almost immune to cold.
 C - +0 acid dragon scales (worn)
 G - a +2 buckler (worn)
 H - a +2 pair of gloves (worn)
Jewellery
 e - an amulet of reflection (around neck)
 w - a +5 ring of evasion (left hand)
 F - a ring of willpower
 I - a ring of resist corrosion
 L - a +5 ring of evasion (right hand)
Wands
 l - a wand of paralysis (5)
 A - a wand of mindburst (17)
Scrolls
 b - 2 scrolls of revelation
 c - 3 scrolls of teleportation
 g - 3 scrolls of vulnerability
 h - a scroll of torment {unknown}
 o - 3 scrolls of fear
 p - 2 scrolls of poison
 q - 4 scrolls of immolation
 r - a scroll of butterflies
 t - 2 scrolls of fog
Potions
 a - a potion of berserk rage
 f - 4 potions of resistance
 i - 4 potions of haste
 k - a potion of enlightenment
 m - 3 potions of invisibility
 n - 2 potions of heal wounds
 s - a potion of magic
 u - 3 potions of might
 x - 2 potions of attraction
 D - a potion of brilliance {unknown}
 E - 3 potions of curing {unknown}
 K - a potion of lignification {unknown}


   Skills:
 - Level 3.0 Fighting
 + Level 17.8 Long Blades
 - Level 2.1 Armour
 + Level 13.0 Dodging
 + Level 6.0 Stealth
 - Level 4.0 Shields
 + Level 10.7 Evocations


You had 12 spell levels left.
You didn't know any spells.
Your spell library was empty.

Dungeon Overview and Level Annotations

Branches:
Dungeon (13/15)            Temple (0/1) D:4            Lair (0/5) D:10
    Orc (0/2) D:12          Sewer (visited)          Bailey (visited)
 Vaults: D:13-14

Altars:
Cheibriados
Makhleb
Qazlal
Sif Muna
Uskayaw
Vehumet
The Shining One

Shops:
D:7 [   D:10 [


Innate Abilities, Weirdness & Mutations

You have a beak for a mouth.
You have claws for feet.
Your magical flight helps you evade attacks. (EV +4)
You can magically evade attacks while moving or waiting.


Message History

The efreet is almost dead.
You block the efreet's attack.
You slash the efreet!
You kill the efreet!
Trog accepts your kill.
Your Stealth skill increases to level 6!
You slash the ogre! You peck the ogre, but do no damage.
The ogre is moderately wounded.
You block the ogre's attack.
You slash the ogre! You drain the ogre.
You kill the ogre!
Trog accepts your kill.
The elephant changes into a jorogumo!
You block the cyclops's attack.
Items here: ))) †.
You slash the cyclops!
The cyclops is moderately wounded.
The cyclops misses you.
You slash the cyclops! You drain the cyclops. You claw the cyclops.
The cyclops is severely wounded.
The cyclops hits you!!
You slash the cyclops! You peck the cyclops.
The cyclops is almost dead.
You block the cyclops's attack.
You hit the cyclops.
You kill the cyclops!
Trog accepts your kill.
You barely miss the jorogumo.
You claw the jorogumo, but do no damage.
You peck the jorogumo.
The jorogumo is lightly wounded.
The jorogumo hits you but does no damage.
You closely miss the jorogumo. Your kick misses the jorogumo.
Your peck misses the jorogumo.
The jorogumo is lightly wounded.
The jorogumo changes into a radroach!
You slash the radroach! You peck the radroach.
The radroach is moderately wounded.
The radroach erupts in a fountain of uncontrolled magic!
You are blasted with magical radiation!!
You die...

#########################
#.[....|.........#<##....
#.######......##.#.##.###
#.# #.####.##.#....# #.#
#B#..#.##.######## #.#
#@#..#.##......... #.#
#)#..#.########### #.#
#)).)#.. #.# ####.### #.#
#.# #.#########.#
#...........#
#############


You could see a radroach shaped shifter.

Vanquished Creatures
  Kirke (D:12)
  Frances (D:13)
  Gastronok (D:12)
  An orc warlord (Bailey)
  Nessos (D:12)
  Josephine (D:13)
  4 boulder beetles
  3 two-headed ogres
  Sonja (D:12)
  Lodul (D:13)
  Pikel (D:6)
  An orc knight (Bailey)
  A manticore (D:9)
  An ugly thing (D:12)
  3 cyclopes
  Joseph (D:7)
  An elephant (D:10)
  An unseen horror (D:12)
  A kobold demonologist (D:11)
  An efreet (D:13)
  2 komodo dragons (D:10)
  3 trolls
  Grinder (Sewer)
  A shadow (D:10)
  A water elemental (D:12)
  4 wraiths
  2 vampires
  13 yaks
  2 hogs (D:12)
  2 wyverns (D:8)
  A basilisk (D:13)
  6 vampire mosquitoes
  Edmund (D:5)
  3 acid dragons
  A water moccasin (D:8)
  2 sky beasts (D:7)
  2 ice beasts
  12 orc warriors
  A black bear (D:7)
  11 ogres
  4 centaurs
  2 lemures (D:6)
  A phantom (Sewer)
  7 kobold brigands
  Blork the orc (D:6)
  7 bullfrogs
  3 scorpions
  2 gnoll sergeants
  10 wights
  3 killer bees (D:8)
  7 electric eels
  4 howler monkeys
  2 hounds
  10 orc priests
  A sleepcap (D:6)
  A gnoll bouda (D:9)
  3 jellies (D:6)
  3 iguanas
  Jessica (D:3)
  14 orc wizards
  17 gnolls
  10 adders
  A shadow imp (Sewer)
  An ufetubus (Sewer)
  2 worms
  A dart slug (D:5)
  40 orcs
  7 bats
  A bat zombie (Sewer)
  8 endoplasms
  3 giant cockroaches
  12 hobgoblins
  5 quokkas
  9 ball pythons
  4 frilled lizards
  A giant cockroach zombie (Sewer)
  23 goblins
  42 kobolds
  3 kobold zombies (Sewer)
  5 rats
379 creatures vanquished.

Vanquished Creatures (others)
  3 vampire mosquitoes (D:13)
3 creatures vanquished.

Grand Total: 382 creatures vanquished

Notes
Turn   | Place    | Note
-------+----------+-------------------------------------------
     0 | D:1      | mandarbmax the Tengu Berserker began the quest for the Orb.
     0 | D:1      | Reached XP level 1. HP: 14/14 MP: 2/2
   126 | D:1      | Reached XP level 2. HP: 19/19 MP: 3/3
   251 | D:1      | Reached skill level 4 in Long Blades
   348 | D:1      | Reached XP level 3. HP: 22/23 MP: 4/4
   863 | D:2      | Noticed a scorpion
   873 | D:2      | Killed a scorpion
   874 | D:2      | Reached skill level 5 in Long Blades
   874 | D:2      | Reached XP level 4. HP: 16/28 MP: 5/5
  1123 | D:2      | Found a snail-covered altar of Cheibriados.
  1462 | D:3      | Found a glowing drain.
  1482 | D:3      | Reached XP level 5. HP: 29/32 MP: 6/6
  1491 | Sewer    | Entered a sewer
  2083 | Sewer    | Found an ancient bone altar of Kikubaaqudgha.
  2083 | Sewer    | Noticed a kobold brigand
  2090 | Sewer    | Killed a kobold brigand
  2090 | Sewer    | Reached ** piety under Trog
  2093 | Sewer    | Reached skill level 6 in Long Blades
  2231 | Sewer    | Noticed a kobold brigand
  2247 | Sewer    | Killed a kobold brigand
  2248 | Sewer    | Reached XP level 6. HP: 37/37 MP: 7/7
  2383 | Sewer    | Noticed Grinder
  2392 | Sewer    | Killed Grinder
  2393 | Sewer    | Reached skill level 7 in Long Blades
  2393 | Sewer    | Reached skill level 5 in Dodging
  2393 | Sewer    | Gained mutation: Your magical flight helps you evade
                  | attacks. (EV +4) [Tengu growth]
  2393 | Sewer    | Reached XP level 7. HP: 41/41 MP: 8/8
  2649 | D:3      | Found a faded altar of an unknown god.
  2710 | D:3      | Noticed Jessica
  2723 | D:3      | Killed Jessica
  3025 | D:3      | Found a glowing golden altar of the Shining One.
  3089 | D:4      | Reached skill level 8 in Long Blades
  3115 | D:4      | Found a radiant altar of Vehumet.
  3527 | D:4      | Reached XP level 8. HP: 42/46 MP: 9/9
  3830 | D:4      | Found a staircase to the Ecumenical Temple.
  4339 | D:5      | Entered Level 5 of the Dungeon
  4530 | D:5      | Reached skill level 9 in Long Blades
  4966 | D:5      | Noticed Edmund
  4975 | D:5      | Killed Edmund
  5124 | D:5      | Found a burning altar of Makhleb.
  5632 | D:6      | Reached skill level 10 in Long Blades
  5825 | D:6      | Noticed Pikel
  5826 | D:6      | Found a hide-covered altar of Uskayaw.
  5840 | D:6      | Killed Pikel
  5841 | D:6      | Reached skill level 11 in Long Blades
  5841 | D:6      | Reached XP level 9. HP: 50/50 MP: 10/10
  6104 | D:6      | Noticed Blork the orc
  6110 | D:6      | Killed Blork the orc
  6421 | D:7      | Identified the "Muoth"
  6493 | D:7      | Noticed Joseph
  6502 | D:7      | Noticed a two-headed ogre
  6511 | D:7      | Killed Joseph
  6512 | D:7      | Reached skill level 12 in Long Blades
  6520 | D:7      | Reached *** piety under Trog
  6590 | D:7      | Found a flagged portal.
  6598 | D:7      | Found Neucel's Armour Shop.
  6601 | Bailey   | Entered a bailey
  6622 | Bailey   | Reached XP level 10. HP: 56/56 MP: 11/11
  6786 | Bailey   | Reached skill level 13 in Long Blades
  7101 | Bailey   | Noticed an orc warlord
  7104 | Bailey   | Noticed an orc knight
  7118 | Bailey   | Reached **** piety under Trog
  7126 | Bailey   | Killed an orc warlord
  7127 | Bailey   | Reached skill level 10 in Dodging
  7134 | Bailey   | Killed an orc knight
  7135 | Bailey   | Reached skill level 14 in Long Blades
  7186 | Bailey   | Acquired a manual of Evocations
  7216 | D:7      | Killed a two-headed ogre
  7249 | D:7      | Bought a +0 cloak for 63 gold pieces
  7249 | D:7      | Bought the scarf "Vugeiz" {shadows, Will- Dex+4 SInv} for
                  | 355 gold pieces
  7636 | D:7      | Found a shimmering blue altar of Sif Muna.
  7930 | D:8      | Reached XP level 11. HP: 60/60 MP: 12/12
  8105 | D:8      | Reached skill level 15 in Long Blades
  8131 | D:8      | Reached skill level 5 in Evocations
  8928 | D:9      | Found Eguteloo's Magic Scroll Emporium.
  9156 | D:9      | Noticed a manticore
  9163 | D:9      | Killed a manticore
  9421 | D:10     | Entered Level 10 of the Dungeon
  9444 | D:10     | Found a stormy altar of Qazlal.
  9735 | D:10     | Reached ***** piety under Trog
  9740 | D:10     | Reached skill level 1 in Shields
  9797 | D:10     | Found Sehudgh's Antique Armour Shoppe.
  9797 | D:10     | Noticed a boulder beetle
  9822 | D:10     | Killed a boulder beetle
  9829 | D:10     | Bought a bloodstained leather armour for 203 gold pieces
  9829 | D:10     | Identified the +3 leather armour of Love and Death {rC+++}
                  | (You bought it in a shop on level 10 of the Dungeon)
  9897 | D:10     | Reached skill level 16 in Long Blades
  9897 | D:10     | Reached skill level 1 in Stealth
  9899 | D:10     | Found a staircase to the Lair.
 10001 | D:10     | Reached XP level 12. HP: 64/64 MP: 13/13
 10042 | D:10     | Noticed a boulder beetle
 10064 | D:10     | Killed a boulder beetle
 10510 | D:11     | Noticed a boulder beetle
 10511 | D:11     | Noticed a boulder beetle
 10548 | D:11     | Killed a boulder beetle
 10551 | D:11     | Killed a boulder beetle
 10819 | D:11     | Noticed a two-headed ogre
 10832 | D:11     | Banished a two-headed ogre
 11836 | D:12     | Noticed Sonja
 11842 | D:12     | Killed Sonja
 11851 | D:12     | Acquired 1234 gold pieces
 11954 | D:12     | Noticed Kirke
 11956 | D:12     | Noticed a two-headed ogre
 11985 | D:12     | Killed Kirke
 11987 | D:12     | Noticed Gastronok
 12150 | D:12     | Reached skill level 17 in Long Blades
 12151 | D:12     | Noticed a boulder beetle
 12180 | D:12     | Banished a boulder beetle
 12499 | D:12     | Killed Gastronok
 12500 | D:12     | Reached XP level 13. HP: 27/68 MP: 14/14
 12806 | D:12     | Reached skill level 5 in Stealth
 12813 | D:12     | Found a staircase to the Orcish Mines.
 13126 | D:12     | Noticed Nessos
 13140 | D:12     | Killed Nessos
 13141 | D:12     | Reached skill level 10 in Evocations
 13349 | D:13     | Noticed Frances
 13369 | D:13     | Killed Frances
 13504 | D:13     | Acquired the +10 demon blade of the Magi {drain, Str+3}
 13506 | Abyss:3  | Cast into level 3 of the Abyss (unwielding a weapon of
                  | distortion)
 13564 | D:13     | Escaped the Abyss
 13586 | D:13     | Noticed Josephine
 13596 | D:13     | Killed Josephine
 13608 | D:13     | Noticed Lodul
 13615 | D:13     | Killed Lodul
 13644 | D:13     | Slain by a radroach (shapeshifter)

Illustrated notes

Levels and vault maps discovered:
D:1:      sevenhm_arrival_forest_fort_large_4, layout_basic
D:2:      layout_loops_cross, basic_altar
D:3:      layout_basic, tso_altar, portal_sewer_entry_a, basic_ecumenical_altar,
          minmay_misc_feat_encased, uniq_jessica
D:4:      layout_loops_corners, mainiacjoe_overflow_boulevard,
          minmay_temple_entry_fiery, minmay_hedge_maze
D:5:      layout_loops_ring, mainiacjoe_overflow_alcove_1,
          minmay_misc_feat_enclosed, uniq_edmund
D:6:      layout_rooms, mainiacjoe_overflow_six_doors_small, corner_web_ring,
          due_unseen_surprise, uniq_grinder, uniq_blork_the_orc, uniq_pikel
D:7:      layout_basic, led_sif_book, enter_bailey_5, serial_shops,
          shop_fountains, uniq_joseph
D:8:      layout_cave_pools
D:9:      minmay_inner_zag, layout_rooms, serial_shops,
          nicolae_shop_tiny_statue_garden, serial_bayou_lagoon_b
D:10:     layout_rooms, mainiacjoe_overflow_paths,
          grunt_lair_entry_orc_guard_hut, hangedman_glass_teeth,
          minmay_crystal_water, kennysheep_small_square
D:11:     layout_basic
D:12:     layout_cave_pods, orc_0_dummy, serial_bayou, serial_bayou_lagoon_a,
          serial_bayou_pond_d, serial_bayou_pond_a, serial_bayou_crossing,
          hangedman_abyss_or_decor_clamps, uniq_sonja, uniq_nessos, uniq_kirke,
          uniq_gastronok
D:13:     layout_basic, uniq_frances, uniq_snorg, uniq_josephine, uniq_lodul

Skill      XL: |  1  2  3  4  5  6  7  8  9 10 11 12 13 |
---------------+----------------------------------------+-----
Long Blades    | 4 5 6 7 8 11 12 14 16 17 | 17.8
Dodging        | 3 4 5 7 9 10 11 12 13 | 13.0
Evocations     | 3 7 9 10 | 10.7
Shields        | 2 4 |  4.0
Stealth        | 1 4 6 |  6.0
Fighting       | |  3.0
Armour         | |  2.1

Action                     |  1- 3 |  4- 6 |  7- 9 | 10-12 | 13-15 || total
---------------------------+-------+-------+-------+-------+-------++-------
  Melee: Falchion          |    65 |    83 |   166 |       |       ||   314
         Kick              |     9 |    19 |    97 |   246 |    28 ||   399
         Peck              |     7 |    10 |    64 |   149 |    19 ||   249
         Punch             |       |     1 |     6 |     3 |       ||    10
         Long sword        |       |       |   150 |   613 |    29 ||   792
         Demon blade       |       |       |       |       |    47 ||    47
 Invoke: Berserk           |     6 |     7 |    13 |    15 |     2 ||    43
  Evoke: Wand              |       |       |       |       |     3 ||     3
    Use: Scroll            |       |     3 |    16 |    12 |     2 ||    33
         Potion            |       |     2 |       |     2 |     1 ||     5
   Stab: Sleeping          |     2 |     1 |       |     5 |     1 ||     9
         Distracted        |       |       |     1 |     1 |       ||     2
         Invisible         |       |       |       |     9 |       ||     9
 Armour: Animal skin       |    10 |       |       |       |       ||    10
         Robe              |    10 |    36 |    56 |    12 |       ||   114
         Chain mail        |       |       |       |    78 |       ||    78
         Acid dragon scale |       |       |       |    34 |    12 ||    46
         Leather armour    |       |       |       |     1 |       ||     1
  Dodge: Dodged            |    44 |    45 |   226 |   431 |    28 ||   774
  Block: Buckler           |       |       |       |   105 |    32 ||   137
         Other             |       |       |       |    20 |       ||    20
         Reflection        |       |       |       |     8 |     3 ||    11

Table legend: (Time is in decaauts)
 A = Elapsed time spent in this place.
 B = Non-inter-level travel time spent in this place.
 C = Inter-level travel time spent in this place.
 D = Time resting spent in this place.
 E = Time spent auto-exploring this place.
 F = Levels seen in this place.
 G = Mean time per level.
                   A        B        C        D        E       F      G
               +--------+--------+--------+--------+--------+-----+--------+
         Total |  13807 |  13293 |    514 |   3552 |   7073 |  17 |  812.2 |
       Dungeon |  12163 |  11649 |    514 |   2524 |   6845 |  13 |  935.6 |
         Abyss |     55 |     55 |      0 |      0 |      0 |   2 |   27.5 |
         Sewer |    974 |    974 |      0 |    720 |    128 |   1 |  974.0 |
        Bailey |    614 |    614 |      0 |    306 |    100 |   1 |  614.0 |
               +--------+--------+--------+--------+--------+-----+--------+

Top non-repeatable levels by time:
    D:12: 1839 daAuts
     D:4: 1371 daAuts
    D:11: 1298 daAuts
     D:5: 1084 daAuts
   Sewer: 974 daAuts
     D:6: 953 daAuts
     D:7: 905 daAuts
     D:9: 856 daAuts
     D:1: 828 daAuts
    D:10: 799 daAuts
     D:3: 755 daAuts
     D:2: 638 daAuts
  Bailey: 614 daAuts
     D:8: 590 daAuts
    D:13: 242 daAuts
